 Dungeon Crawl Stone Soup version 0.29-a0-495-g17b79114eb (webtiles) character file.

Game seed: 12957729744588167354

518 YayAnonymity the Shield-Bearer (level 7, -3/60 HPs)
             Began as a Gnoll Fighter on May 27, 2022.
             Slain by Pikel
             ... wielding a +2 whip of freezing
              (6 damage)
             ... on level 3 of the Dungeon.
             The game lasted 00:05:42 (4751 turns).

YayAnonymity the Shield-Bearer (Gnoll Fighter)      Turns: 4751, Time: 00:05:42

Health: -3/60      AC: 10    Str: 18    XL:     7   Next: 21%
Magic:  10/10      EV: 10    Int:  7    God:
Gold:   1153       SH:  5    Dex: 11    Spells: 10/10 levels left

rFire   . . .      SeeInvis .   a - +0 flail
rCold   . . .      Faith    .   c - +0 buckler
rNeg    . . .      Spirit   .   b - +0 scale mail
rPois   .          Reflect  .   q - +0 helmet
rElec   .          Harm     .   (no cloak)
rCorr   .          Rampage  .   (no gloves)
Will    .....                   h - +0 pair of boots
Stlth   +.........              (no amulet)
HPRegen 0.20/turn               (no ring)
MPRegen 0.12/turn               (no ring)

@: studying Polearms
A: fangs 1, strong nose, distributed training
a: no special abilities


You were on level 3 of the Dungeon.
You visited 1 branch of the dungeon, and saw 4 of its levels.

You collected 1153 gold pieces.

Inventory:

Hand Weapons
 a - a +0 flail (weapon)
Missiles
 w - 2 javelins (quivered)
 x - 7 poisoned darts
Armour
 b - a +0 scale mail (worn)
 c - a +0 buckler (worn)
 h - a +0 pair of boots (worn)
 q - a +0 helmet (worn)
Jewellery
 l - an amulet of guardian spirit
Scrolls
 d - a scroll of identify
 j - 2 scrolls of fog
 n - a scroll of fear
 t - 2 scrolls of noise
Potions
 e - a potion of lignification {unknown}
 g - 2 potions of degeneration {unknown}
 i - a potion of heal wounds {unknown}
 k - 4 potions of curing
 o - a potion of invisibility {unknown}
 r - a potion of mutation {unknown}
 u - a potion of attraction {unknown}


   Skills:
 + Level 7.0 Fighting
 + Level 2.3 Short Blades
 + Level 2.3 Long Blades
 + Level 2.3 Axes
 + Level 5.2 Maces & Flails
 + Level 3.2 Polearms
 + Level 2.3 Staves
 + Level 2.3 Slings
 + Level 2.3 Bows
 + Level 2.3 Crossbows
 + Level 2.3 Throwing
 + Level 7.0 Armour
 + Level 2.3 Dodging
 + Level 2.3 Stealth
 + Level 7.0 Shields
 + Level 2.3 Unarmed Combat
 + Level 2.3 Spellcasting
 + Level 1.9 Conjurations
 + Level 1.9 Hexes
 + Level 1.9 Summonings
 + Level 1.9 Necromancy
 + Level 1.9 Translocations
 + Level 1.9 Transmutations
 + Level 1.9 Fire Magic
 + Level 1.9 Ice Magic
 + Level 1.9 Air Magic
 + Level 1.9 Earth Magic
 + Level 1.9 Poison Magic
 + Level 2.6 Invocations
 + Level 2.3 Evocations


You had 10 spell levels left.
You didn't know any spells.
Your spell library contained the following spells:

 Spells                   Type           Power      Damage    Failure   Level
 Magic Dart               Conj           12%        1d3       52%         1
 Summon Small Mammal      Summ           12%        N/A       52%         1
 Searing Ray              Conj           6%         2d4       65%         2
 Call Canine Familiar     Summ           3%         N/A       87%         3
 Summon Guardian Golem    Hex/Summ       3%         N/A       87%         3
 Fulminant Prism          Conj/Hex       1%         3d6       99%         4


Dungeon Overview and Level Annotations

Branches:
Dungeon (4/15)
 Temple: D:4-7

Altars:
Elyvilon

Annotations:
D:3 Pikel


Innate Abilities, Weirdness & Mutations

You have very sharp teeth.
Your uncanny sense of smell can sniff out nearby items.
Your experience applies equally to all skills.


Message History

Pikel freezes you.
* * * LOW HITPOINT WARNING * * *
You feel better. Pikel hits you but does no damage.
You barely miss Pikel. Your bite misses Pikel.
Pikel is moderately wounded.
You block Pikel's attack.
You hit Pikel but do no damage.
Pikel is moderately wounded.
Pikel hits you but does no damage.
You hit Pikel.
Pikel is moderately wounded.
You block Pikel's attack.
Pikel hits you with a +2 whip of freezing.
* * * LOW HITPOINT WARNING * * *
Pikel freezes you.
* * * LOW HITPOINT WARNING * * *
Throw: 5 javelins
Press: ? - help, Q - select action, (/) - cycle Shift-Dir - straight line, f - Pikel
Aim: Pikel, wielding a +2 whip of freezing and wearing a +0 robe (moderately wounded, 53% to hit)
You throw a javelin.
The javelin pierces through Pikel but does no damage.
Pikel is moderately wounded.
Pikel hits you with a +2 whip of freezing.
* * * LOW HITPOINT WARNING * * *
Pikel freezes you.
* * * LOW HITPOINT WARNING * * *
Throw: 4 javelins
Press: ? - help, Q - select action, (/) - cycle Shift-Dir - straight line, f/p - Pikel
Aim: Pikel, wielding a +2 whip of freezing and wearing a +0 robe (moderately wounded, 53% to hit)
You throw a javelin.
The javelin pierces through Pikel but does no damage.
Pikel is moderately wounded.
Pikel misses you.
Throw: 3 javelins
Press: ? - help, Q - select action, (/) - cycle Shift-Dir - straight line, f/p - Pikel
Aim: Pikel, wielding a +2 whip of freezing and wearing a +0 robe (moderately wounded, 53% to hit)
You throw a javelin. The javelin pierces through Pikel.
Pikel is moderately wounded.
Pikel hits you with a +2 whip of freezing.
You die...

......# #...........#######
.....## ##....#####...[...#
......###......##########.#######
###....#..........# #.#......
####..###...##.##.# #.#.#####
.......#....##.##.# #.#.#
##).....(......##.# #.#.#
##.>#.............# #...#
.♣).♣..♣..∩.#..#@K# ##..#
...............>..########..#####
.................................
.∩..8..8..∩##.##########........#
...........##.# #......#.#
...........##.##########...##.#.#
.8..8.....∩................##.#.#
..........................###.#.#
............#..#########.## #.#.#


You could see Pikel.

Vanquished Creatures
  Grinder (D:4)
  Menkaure (D:4)
  2 lemures (D:3)
  Natasha (thrice) (D:3)
  Robin (D:2)
  2 adders
  4 worms
  3 dart slugs
  2 orcs
  7 bats
  5 endoplasms
  A giant cockroach (D:2)
  17 goblins
  8 hobgoblins
  7 jackals
  2 quokkas
  7 ball pythons
  2 frilled lizards
  7 kobolds
  5 rats
87 creatures vanquished.

Vanquished Creatures (collateral kills)
  An endoplasm (D:4)
  2 jackals (D:4)
3 creatures vanquished.

Grand Total: 90 creatures vanquished

Notes
Turn   | Place    | Note
-------+----------+-------------------------------------------
     0 | D:1      | YayAnonymity the Gnoll Fighter began the quest for the Orb.
     0 | D:1      | Reached XP level 1. HP: 23/23 MP: 1/1
    41 | D:1      | Reached XP level 2. HP: 21/29 MP: 2/2
   429 | D:1      | Reached XP level 3. HP: 32/35 MP: 3/3
   810 | D:2      | Reached skill level 1 in Invocations
   920 | D:2      | Found a white marble altar of Elyvilon.
  1210 | D:2      | Reached skill level 1 in Short Blades
  1210 | D:2      | Reached skill level 1 in Long Blades
  1210 | D:2      | Reached skill level 1 in Axes
  1210 | D:2      | Reached skill level 1 in Polearms
  1210 | D:2      | Reached skill level 1 in Staves
  1210 | D:2      | Reached skill level 1 in Slings
  1210 | D:2      | Reached skill level 1 in Bows
  1210 | D:2      | Reached skill level 1 in Crossbows
  1210 | D:2      | Reached skill level 1 in Throwing
  1210 | D:2      | Reached skill level 1 in Dodging
  1210 | D:2      | Reached skill level 1 in Stealth
  1210 | D:2      | Reached skill level 1 in Unarmed Combat
  1210 | D:2      | Reached skill level 1 in Spellcasting
  1210 | D:2      | Reached skill level 1 in Evocations
  1210 | D:2      | Reached XP level 4. HP: 28/41 MP: 5/5
  1371 | D:2      | Noticed Robin
  1391 | D:2      | Killed Robin
  1500 | D:2      | Reached skill level 1 in Conjurations
  1500 | D:2      | Reached skill level 1 in Hexes
  1500 | D:2      | Reached skill level 1 in Summonings
  1500 | D:2      | Reached skill level 1 in Necromancy
  1500 | D:2      | Reached skill level 1 in Translocations
  1500 | D:2      | Reached skill level 1 in Transmutations
  1500 | D:2      | Reached skill level 1 in Fire Magic
  1500 | D:2      | Reached skill level 1 in Ice Magic
  1500 | D:2      | Reached skill level 1 in Air Magic
  1500 | D:2      | Reached skill level 1 in Earth Magic
  1500 | D:2      | Reached skill level 1 in Poison Magic
  1684 | D:3      | Identified 2 scrolls of acquirement
  1684 | D:3      | Acquired a manual of Polearms
  1719 | D:3      | Acquired 1039 gold pieces
  1797 | D:3      | Found a faded altar of an unknown god.
  2571 | D:4      | Noticed Natasha
  2587 | D:3      | Killed Natasha
  2588 | D:3      | Reached XP level 5. HP: 34/47 MP: 2/7
  3028 | D:3      | Found a faded altar of an unknown god.
  3089 | D:3      | Noticed Natasha
  3099 | D:3      | Killed Natasha
  3529 | D:3      | Noticed Natasha
  3537 | D:3      | Killed Natasha
  3669 | D:3      | Found a faded altar of an unknown god.
  3963 | D:4      | Noticed Grinder
  3980 | D:4      | Paralysed by Grinder for 3 turns
  3990 | D:4      | Killed Grinder
  3991 | D:4      | Reached skill level 5 in Maces & Flails
  3991 | D:4      | Reached XP level 6. HP: 11/53 MP: 1/9
  4247 | D:4      | Noticed Menkaure
  4496 | D:4      | Killed Menkaure
  4497 | D:4      | Reached XP level 7. HP: 43/60 MP: 10/10
  4542 | D:4      | Noticed Pikel
  4749 | D:3      | HP: 2/60 [Pikel/+2 whip of freezing (2)]
  4751 | D:3      | Slain by Pikel

Illustrated notes

Levels and vault maps discovered:
D:1:      minmay_arrival_semitransparent, layout_basic, minmay_surrounded
D:2:      layout_rooms, basic_altar, minmay_goblin_outpost, uniq_robin
D:3:      layout_loops_ring, hellmonk_ecumenical_altar_arch_garden,
          minmay_crystal_water, corexii_item_surrounded_by_moat,
          serial_park_tiny_pond, nicolae_figureground_sparkle
D:4:      layout_cave_pools, minitemple, serial_shops, nicolae_shop_crystal,
          uniq_pikel, uniq_menkaure, uniq_grinder, uniq_blork_the_orc,
          uniq_natasha

Skill      XL: |  1  2  3  4  5  6 |
---------------+-------------------+-----
Invocations    | 1 2 |  2.6
Short Blades   | 1 2 |  2.3
Long Blades    | 1 2 |  2.3
Axes           | 1 2 |  2.3
Polearms       | 1 2 3 |  3.2
Staves         | 1 2 |  2.3
Slings         | 1 2 |  2.3
Bows           | 1 2 |  2.3
Crossbows      | 1 2 |  2.3
Throwing       | 1 2 |  2.3
Dodging        | 1 2 |  2.3
Stealth        | 1 2 |  2.3
Unarmed Combat | 1 2 |  2.3
Spellcasting   | 1 2 |  2.3
Evocations     | 1 2 |  2.3
Conjurations   | 1 |  1.9
Hexes          | 1 |  1.9
Summonings     | 1 |  1.9
Necromancy     | 1 |  1.9
Translocations | 1 |  1.9
Transmutations | 1 |  1.9
Fire Magic     | 1 |  1.9
Ice Magic      | 1 |  1.9
Air Magic      | 1 |  1.9
Earth Magic    | 1 |  1.9
Poison Magic   | 1 |  1.9
Maces & Flails | 5 |  5.2
Fighting       | 7 |  7.0
Armour         | 7 |  7.0
Shields        | 7 |  7.0

Action                   |  1- 3 |  4- 6 |  7- 9 || total
-------------------------+-------+-------+-------++-------
Melee: Flail             |   137 |   157 |    48 ||   342
       Bite              |     7 |    16 |     7 ||    30
Throw: Javelin           |       |     2 |     3 ||     5
  Use: Potion            |     1 |       |     1 ||     2
       Scroll            |       |     9 |     2 ||    11
Armor: Scale mail        |   106 |    93 |    18 ||   217
Dodge: Dodged            |    73 |    72 |    20 ||   165
Block: Buckler           |    50 |    44 |     8 ||   102

Table legend: (Time is in decaauts)
 A = Elapsed time spent in this place.
 B = Non-inter-level travel time spent in this place.
 C = Inter-level travel time spent in this place.
 D = Time resting spent in this place.
 E = Time spent auto-exploring this place.
 F = Levels seen in this place.
 G = Mean time per level.
                   A        B        C        D        E       F      G
               +--------+--------+--------+--------+--------+-----+--------+
         Total |   4830 |   4646 |    184 |    848 |   2994 |   4 | 1207.5 |
       Dungeon |   4830 |   4646 |    184 |    848 |   2994 |   4 | 1207.5 |
               +--------+--------+--------+--------+--------+-----+--------+

Top non-repeatable levels by time:
     D:3: 2689 daAuts
     D:2: 961 daAuts
     D:1: 790 daAuts
     D:4: 388 daAuts
